 Dungeon Crawl Stone Soup version 0.26-a0-660-gc07710193c (webtiles) character file.

Game seed: 7132297809378984985

156082 MrRokkomies the Victor of a Thousand Battles (level 17, -2/175 HPs)
             Began as a Gnoll Wanderer on Oct 8, 2020.
             Was the Champion of Okawaru.
             Hit by a silver javelin thrown by a merfolk javelineer (24 damage)
             ... on level 4 of the Shoals.
             The game lasted 01:15:12 (36744 turns).

MrRokkomies (GnWn)                                 Turns: 36744, Time: 01:15:12

Health: -2/175     AC: 36    Str: 15    XL:     17   Next: 66%
Magic:  9/33       EV: 25    Int: 34    God:    Okawaru [******]
Gold:   239        SH:  5    Dex: 27    Spells: 6/41 levels left

rFire    + . .     SeeInvis .   a - +4 rapier of Ghostly Subterfuge {venom, Int+6}
rCold    + . .     Faith    .   (no shield)
rNeg     + . .     Spirit   .   (armour currently unavailable)
rPois    ∞         Reflect  +   C - +3 helmet of Death's Door {Rampage rC+ Str-3 Dex+6}
rElec    +         Harm     .   r - +2 cloak
rCorr    .         Rampage  +   (gloves currently unavailable)
MR       +....                  (boots currently unavailable)
Stlth    ++++......             s - amulet "Voiwidgh" {Reflect Int+3 SH+5 Stlth+}
HPRegen  0.39/turn              N - ring "Vutzempa" {rF+ Str+4 Int+3 Dex+6 Slay+2}
MPRegen  0.23/turn              K - +4 ring of slaying

@: statue-form, very slow
A: distributed training, fangs 1, strong nose
a: End Transformation, Heroism, Finesse, Renounce Religion


You were on level 4 of the Shoals.
You worshipped Okawaru.
Okawaru was exalted by your worship.
You were a stone statue.
You visited 5 branches of the dungeon, and saw 28 of its levels.
You also visited: Ossuary and Ice Cave.

You collected 4395 gold pieces.
You spent 4156 gold pieces at shops.

Inventory:

Hand Weapons
 a - the +4 rapier of Ghostly Subterfuge (weapon) {venom, Int+6}
   (You found it on level 5 of the Lair of Beasts)

   It poisons the flesh of those it strikes.
   It affects your intelligence (+6).
 b - the +6 arbalest "Damnation" {damnation}
   (You bought it in a shop on level 15 of the Dungeon)
 e - the +0 arbalest "Metaemut" {vorpal, Str+5 Int+2 Stlth-}
   (Okawaru gifted it to you on level 1 of the Lair of Beasts)

   Any bolt fired from it inflicts extra damage.
   It affects your strength (+5).
   It affects your intelligence (+2).
   It makes you less stealthy.
Missiles
 o - 12 curare-tipped darts (quivered)
 p - 7 javelins
 I - 112 bolts
 L - 45 poisoned darts
Armour
 r - a +2 cloak (worn)
 C - the +3 helmet of Death's Door (worn) {Rampage rC+ Str-3 Dex+6}
   (Okawaru gifted it to you on level 3 of the Shoals)

   It affects your strength (-3).
   It affects your dexterity (+6).
   It protects you from cold.
   It bestows one free step when moving towards enemies.
 R - the +1 leather armour of Winter (melded) {Str+2 SInv}
   (You bought it in a shop on level 2 of the Orcish Mines)

   It affects your strength (+2).
   It lets you see invisible.
 X - the +0 pair of boots "Veny" (melded) {rN+}
   (You found it on level 13 of the Dungeon)

   It protects you from negative energy.
Magical Staves
 w - an uncursed staff of poison
Jewellery
 f - an uncursed ring of poison resistance
 g - an uncursed ring of protection from magic
 s - the amulet "Voiwidgh" (around neck) {Reflect Int+3 SH+5 Stlth+}
   (You took it off a centaur warrior on level 13 of the Dungeon)

   [amulet of reflection]

   It shields you and reflects attacks.
   It affects your intelligence (+3).
   It affects your SH (+5).
   It makes you more stealthy.
 K - a +4 ring of slaying (right hand)
 N - the ring "Vutzempa" (left hand) {rF+ Str+4 Int+3 Dex+6 Slay+2}
   (You found it on level 4 of the Lair of Beasts)

   [ring of dexterity]

   It affects your strength (+4).
   It affects your intelligence (+3).
   It affects your dexterity (+6).
   It affects your accuracy and damage with ranged weapons and melee attacks
   (+2).
   It protects you from fire.
 Y - an uncursed ring of protection from fire
Wands
 j - a wand of acid (12)
 v - a wand of iceblast (33)
 D - a wand of paralysis (7)
 P - a wand of disintegration (16)
 Q - a wand of polymorph (19)
 Z - a wand of digging (3)
Scrolls
 c - 12 scrolls of teleportation
 i - 3 scrolls of magic mapping
 k - 7 scrolls of enchant armour
 q - 10 scrolls of remove curse
 H - 7 scrolls of enchant weapon
 J - 7 scrolls of fog
 M - 5 scrolls of summoning
 S - 3 scrolls of immolation
 U - 3 scrolls of identify
 V - a scroll of blinking
Potions
 d - 2 potions of flight
 l - 6 potions of stabbing
 m - 8 potions of curing
 t - a potion of resistance
 x - 5 potions of haste
 A - 3 potions of might
 B - 4 potions of magic
 E - a potion of cancellation
 T - 3 potions of brilliance
Miscellaneous
 h - a lightning rod (4/4)
 n - a phantom mirror
 F - a condenser vane (1/2)
 G - a tin of tremorstones (1/3)
 O - a box of beasts (3/3)


   Skills:
 + Level 12.4 Fighting
 + Level 12.4 Short Blades
 + Level 11.6 Long Blades
 + Level 11.6 Axes
 + Level 11.6 Maces & Flails
 + Level 11.6 Polearms
 + Level 11.6 Staves
 + Level 11.6 Slings
 + Level 11.6 Bows
 + Level 11.6 Crossbows
 + Level 11.9 Throwing
 + Level 11.6 Armour
 + Level 11.6 Dodging
 + Level 12.3 Stealth
 + Level 11.6 Shields
 + Level 11.6 Unarmed Combat
 + Level 12.5 Spellcasting
 + Level 10.0 Conjurations
 + Level 10.0 Hexes
 + Level 10.0 Summonings
 + Level 10.0 Necromancy
 + Level 10.0 Translocations
 + Level 10.2 Transmutations
 + Level 10.0 Fire Magic
 + Level 10.0 Ice Magic
 + Level 10.0 Air Magic
 + Level 10.0 Earth Magic
 + Level 10.0 Poison Magic
 + Level 12.6 Invocations
 + Level 11.6 Evocations


You had 6 spell levels left.
You knew the following spells:

 Your Spells              Type           Power        Failure   Level
a - Poisonous Vapours     Pois/Air       ######       1%          2
b - Olgreb's Toxic Radia  Pois           ######..     1%          4
c - Ignite Poison         Fire/Tmut/Pois ######..     1%          3
d - Summon Lightning Spi  Summ/Air       ######..     1%          4
e - Freezing Cloud        Conj/Ice/Air   ######....   5%          6
f - Invisibility          Hex            ######..     5%          6
g - Statue Form           Tmut/Erth      ######...    4%          6
h - Cause Fear            Hex            ######....   1%          4

Your spell library contained the following spells:

 Spells                   Type           Power        Failure   Level
 Animate Skeleton         Necr           ######       1%          1
 Apportation              Tloc           ######       1%          1
 Corona                   Hex            ######.      1%          1
 Magic Dart               Conj           ####         1%          1
 Shock                    Conj/Air       ####         1%          1
 Sting                    Tmut/Pois      ####         1%          1
 Summon Small Mammal      Summ           ####         1%          1
 Blink                    Tloc           N/A          1%          2
 Call Imp                 Summ           ######..     1%          2
 Passwall                 Tmut/Erth      ######..     1%          2
 Searing Ray              Conj           ######       1%          2
 Slow                     Hex            ######..     1%          2
 Wereblood                Tmut           ######..     1%          2
 Call Canine Familiar     Summ           ######..     1%          3
 Conjure Flame            Conj/Fire      ######..     1%          3
 Dazzling Flash           Conj/Hex       ######       1%          3
 Inner Flame              Hex/Fire       ######..     1%          3
 Mephitic Cloud           Conj/Pois/Air  ######..     1%          3
 Portal Projectile        Hex/Tloc       ######       1%          3
 Static Discharge         Conj/Air       ######..     1%          3
 Summon Guardian Golem    Hex/Summ       ######..     1%          3
 Fulminant Prism          Conj/Hex       ######....   1%          4
 Iskenderun's Mystic Bla  Conj/Tloc      ######..     1%          4
 Leda's Liquefaction      Hex/Erth       ######....   1%          4
 Petrify                  Tmut/Erth      ######..     1%          4
 Summon Ice Beast         Ice/Summ       ######..     1%          4
 Alistair's Intoxication  Tmut/Pois      ######...    1%          5
 Bolt of Magma            Conj/Fire/Erth ######....   1%          5
 Irradiate                Conj/Tmut      ######....   1%          5
 Iskenderun's Battlesphe  Conj           ######..     1%          5
 Silence                  Hex/Air        ######....   1%          5
 Yara's Violent Unravell  Hex/Tmut       ######....   1%          5
 Hydra Form               Tmut           ######....   4%          6
 Iron Shot                Conj/Erth      ######....   5%          6
 Dragon Form              Tmut           ######....   26%         7
 Orb of Destruction       Conj           ######....   28%         7
 Spellforged Servitor     Conj/Summ      ######....   28%         7
 Discord                  Hex            ######....   92%         8


Dungeon Overview and Level Annotations

Branches:
Dungeon (15/15)            Temple (1/1) D:6            Lair (6/6) D:10
 Shoals (4/4) Lair:2        Snake (0/4) Lair:4        Slime (0/5) Lair:6
    Orc (2/2) D:9             Elf (0/3) Orc:2        Vaults (0/5) D:13
 Depths (0/5) D:15        Ossuary (visited)           IceCv (visited)

Altars:
Ashenzari
Cheibriados
Dithmenos
Elyvilon
Fedhas
Gozag
Hepliaklqana
Kikubaaqudgha
Makhleb
Nemelex Xobeh
Okawaru
Qazlal
Ru
Trog
Uskayaw
Vehumet
Wu Jian
Xom
Yredelemnul
Zin
The Shining One
Jiyva

Shops:
D:4 :   D:5 :   D:11 *   D:15 *   Orc:1 (*?}   Orc:2 :?[[*}((   Shoals:2 *

Portals:
Trove: D:15 (show slimy rune of Zot)

Annotations:
Lair:1 3 runed translucent doors, Thargor's ghost, journeyman MiFi


Innate Abilities, Weirdness & Mutations

Your experience applies equally to all skills.
You have very sharp teeth.
Your uncanny sense of smell can sniff out nearby items.


Message History

Aiming: Paralyse
Press: ? - help, Shift-Dir - straight line, f/p - merfolk javelineer
Aim: a merfolk javelineer, wielding a +4 spear of flaming, wearing a +0 leather armour and quivering 16 silver javelins (chance to defeat MR: 40%)
The merfolk javelineer resists with some effort.
The merfolk javelineer throws a silver javelin.
The silver javelin pierces through you but does no damage.
The silver sears you!
* * * LOW HITPOINT WARNING * * *
You hear a splash.
The merfolk javelineer throws a silver javelin.
The silver javelin barely misses you.
You hear a splash.
Evoke which item? (* to show all) (? for menu, Esc to quit)
Aiming: Paralyse
Press: ? - help, Shift-Dir - straight line, f/p - merfolk javelineer
Aim: a merfolk javelineer, wielding a +4 spear of flaming, wearing a +0 leather armour and quivering 14 silver javelins (chance to defeat MR: 40%)
The merfolk javelineer resists with some effort.
The merfolk javelineer throws a silver javelin.
The silver javelin pierces through you!!
You die...

≈≈≈≈≈≈≈≈≈≈≈≈≈≈≈≈≈≈≈.....
≈≈≈≈≈≈≈≈≈≈≈≈≈≈≈≈........
≈≈≈≈≈≈≈≈≈≈≈≈≈≈≈..........
≈≈≈≈≈≈≈≈≈≈≈..............
≈≈≈≈≈≈≈≈≈≈.m.............
≈≈≈≈≈≈≈≈≈≈...............
≈≈≈≈≈≈≈≈≈≈####≈≈#.......)
≈≈≈≈≈≈≈≈≈≈≈# ####...)....
≈≈≈≈≈≈≈≈≈8## ##.......
≈≈°§≈≈≈≈≈## ##...<..
≈≈≈≈≈≈≈§§≈# #≈......
≈≈≈○§≈≈§§## ∆ #.......
≈≈≈≈≈≈≈○§## ##......
≈≈≈≈≈≈≈§§§# ∆ #.......
≈≈≈≈≈≈≈≈))# ##.≈....
≈≈≈≈≈≈≈≈≈)≈# .≈≈....
≈≈≈≈≈≈≈)≈)≈# .≈PP.[.#


You could see a merfolk javelineer.

Vanquished Creatures
  5 krakens
  Kirke (Lair:4)
  A fire giant (D:13)
  2 orc warlords (Orc:1)
  A stone giant (Orc:2)
  Nessos (Lair:6)
  A merfolk javelineer (Shoals:4)
  8 merfolk impalers
  5 ettins
  Josephine (D:10)
  A fire dragon (D:13)
  A great orb of eyes (D:13)
  4 boulder beetles
  12 hydras
  Erolcha (Orc:2)
  4 vault guards (D:13)
  4 merfolk aquamancers
  6 centaur warriors
  A catoblepas (D:13)
  6 two-headed ogres
  3 merfolk avatars
  4 death yaks
  2 tengu warriors (D:13)
  Sonja (D:10)
  9 sea snakes
  4 unseen horrors
  2 wizards (D:13)
  4 lindwurms (Lair:5)
  4 orc knights
  6 harpies
  4 deep elf magi
  15 cyclopes
  7 ugly things
  4 orc sorcerers
  4 manticores
  9 fauns
  2 oklob plants (Lair:6)
  6 black mambas
  2 elephants (Lair:6)
  10 merfolk sirens
  A water nymph (Shoals:3)
  Psyche (D:8)
  A torpor snail (Lair:6)
  2 ice statues (IceCv)
  Maurice (Orc:2)
  10 cane toads
  6 rime drakes
  3 gargoyles
  A kobold demonologist (D:13)
  An efreet (D:13)
  13 komodo dragons
  2 yaktaurs (D:13)
  3 tengu conjurers
  21 merfolk
  9 trolls
  9 polar bears
  A jumping spider (shapeshifter) (D:13)
  6 wind drakes
  18 slime creatures
  A wolf spider simulacrum (D:14)
  3 hornets
  10 blink frogs
  4 snapping turtles
  2 dream sheep (Shoals:3)
  2 vampires
  3 shadows
  7 water elementals
  11 wraiths
  13 wyverns
  29 yaks
  A hog (Lair:4)
  4 basilisks
  Grum (D:8)
  A human (D:13)
  Menkaure (D:6)
  4 swamp worms (Lair:1)
  6 wargs
  2 nagas (Lair:4)
  2 acid dragons
  A soldier ant (shapeshifter) (D:15)
  10 water moccasins
  3 soldier ants
  21 orc warriors
  11 ice beasts
  2 black bears
  2 phantoms (D:12)
  A sky beast (D:10)
  An eye of draining (D:13)
  12 ogres
  A necrophage (D:13)
  8 wolves
  9 centaurs
  3 big kobolds
  15 bullfrogs
  Blork the orc (D:6)
  A water moccasin zombie (D:10)
  A wyvern skeleton (D:9)
  2 scorpions
  18 killer bees
  15 wights
  6 howler monkeys
  5 bullfrog zombies
  6 jellies
  11 centaur zombies
  5 bullfrog skeletons
  A human zombie (Ossuary)
  19 orc priests
  10 hounds
  25 orc wizards
  5 centaur skeletons
  Ijyb (D:5)
  6 iguanas
  10 hell rats
  6 worker ants
  A big kobold zombie (Ossuary)
  2 ogre zombies (Ossuary)
  2 hound zombies (D:8)
  7 mummies (Ossuary)
  A worker ant zombie (D:11)
  20 river rats
  5 adders
  2 white imps
  An ufetubus (D:6)
  7 adder zombies (Ossuary)
  An adder skeleton (D:4)
  3 worms
  7 dart slugs
  3 leopard geckos
  61 orcs
  2 giant cockroaches (D:8)
  A gnoll zombie (Ossuary)
  6 goblins
  9 hobgoblins
  13 jackals
  8 quokkas
  6 bats
  3 frilled lizards
  3 goblin zombies (Ossuary)
  3 hobgoblin zombies (Ossuary)
  27 kobolds
  3 kobold zombies (Ossuary)
  A quokka skeleton (D:5)
  2 quokka zombies
  21 rats
  5 rat zombies (Ossuary)
  7 tentacles
881 creatures vanquished.

Vanquished Creatures (collateral kills)
  Snorg (Orc:1)
  A harpy (Shoals:1)
2 creatures vanquished.

Vanquished Creatures (others)
  A two-headed ogre (D:15)
  A deep troll (D:15)
  A polar bear (Lair:4)
  6 humans (Lair:4)
  A bullfrog (D:13)
  A howler monkey (D:13)
  An orc (Orc:2)
  34 fungi
  135 plants
  18 tentacles
199 creatures vanquished.

Grand Total: 1082 creatures vanquished

Notes
Turn   | Place    | Note
-------+----------+-------------------------------------------
     0 | D:1      | MrRokkomies the Gnoll Wanderer began the quest for the Orb.
     0 | D:1      | MrRokkomies set off with the following items: a +2 short
                  | sword, a scroll of teleportation, a +0 robe, a +0 dagger;
                  | and the following spells available to memorise: Wereblood,
                  | Passwall
     0 | D:1      | Reached XP level 1. HP: 20/20 MP: 6/6
   345 | D:1      | Reached XP level 2. HP: 25/26 MP: 7/7
   846 | D:1      | Reached XP level 3. HP: 30/31 MP: 9/9
  1102 | D:1      | Reached skill level 5 in Spellcasting
  1271 | D:2      | Reached skill level 1 in Long Blades
  1271 | D:2      | Reached skill level 1 in Axes
  1271 | D:2      | Reached skill level 1 in Maces & Flails
  1271 | D:2      | Reached skill level 1 in Polearms
  1271 | D:2      | Reached skill level 1 in Staves
  1271 | D:2      | Reached skill level 1 in Slings
  1271 | D:2      | Reached skill level 1 in Bows
  1271 | D:2      | Reached skill level 1 in Crossbows
  1271 | D:2      | Reached skill level 1 in Armour
  1271 | D:2      | Reached skill level 1 in Dodging
  1271 | D:2      | Reached skill level 1 in Shields
  1271 | D:2      | Reached skill level 1 in Unarmed Combat
  1271 | D:2      | Reached skill level 1 in Invocations
  1271 | D:2      | Reached skill level 1 in Evocations
  1271 | D:2      | Reached XP level 4. HP: 37/38 MP: 11/11
  1583 | D:2      | Found a snail-covered altar of Cheibriados.
  1925 | D:3      | Reached skill level 1 in Conjurations
  1925 | D:3      | Reached skill level 1 in Hexes
  1925 | D:3      | Reached skill level 1 in Summonings
  1925 | D:3      | Reached skill level 1 in Necromancy
  1925 | D:3      | Reached skill level 1 in Translocations
  1925 | D:3      | Reached skill level 1 in Fire Magic
  1925 | D:3      | Reached skill level 1 in Ice Magic
  1925 | D:3      | Reached skill level 1 in Air Magic
  1925 | D:3      | Reached skill level 1 in Earth Magic
  1925 | D:3      | Reached skill level 1 in Poison Magic
  2019 | D:3      | Reached XP level 5. HP: 14/43 MP: 12/12
  2699 | D:3      | Found a hazy altar of Hepliaklqana.
  2851 | D:4      | Found a sand-covered staircase.
  2857 | Ossuary  | Entered an ossuary
  3226 | Ossuary  | Reached XP level 6. HP: 50/50 MP: 13/13
  3324 | Ossuary  | Reached skill level 5 in Fighting
  3324 | Ossuary  | Reached skill level 5 in Short Blades
  3609 | Ossuary  | Reached XP level 7. HP: 55/56 MP: 15/15
  3799 | D:4      | Found a radiant altar of Vehumet.
  3812 | D:4      | Found Ynuhuoh's Book Shop.
  3915 | D:4      | Reached skill level 5 in Stealth
  4069 | D:4      | Reached XP level 8. HP: 40/63 MP: 16/16
  4682 | D:5      | Entered Level 5 of the Dungeon
  4728 | D:5      | Found Hamu's Book Boutique.
  4877 | D:5      | Found a glowing silver altar of Zin.
  4897 | D:5      | Got a dazzling ring mail
  4908 | D:5      | Identified the +1 ring mail of Failure {Dex+4} (You found
                  | it on level 5 of the Dungeon)
  5222 | D:5      | Noticed Ijyb
  5228 | D:5      | Killed Ijyb
  5346 | D:5      | Found a bloodstained altar of Trog.
  5470 | D:6      | Noticed Menkaure
  5476 | D:6      | Killed Menkaure
  5487 | D:6      | Noticed Blork the orc
  5491 | D:6      | Killed Blork the orc
  5630 | D:6      | Found a staircase to the Ecumenical Temple.
  5640 | Temple   | Entered the Ecumenical Temple
  5818 | Temple   | Became a worshipper of Warmaster Okawaru
  6286 | D:4      | Bought a Young Poisoner's Handbook for 400 gold pieces
  6289 | D:4      | Learned a level 2 spell: Poisonous Vapours
  6294 | D:4      | Learned a level 4 spell: Olgreb's Toxic Radiance
  6298 | D:4      | Learned a level 3 spell: Ignite Poison
  6604 | D:7      | Reached XP level 9. HP: 61/69 MP: 18/18
  7040 | D:8      | Reached * piety under Okawaru
  7205 | D:8      | Reached skill level 5 in Throwing
  7713 | D:8      | Noticed Grum
  7715 | D:8      | Noticed Psyche
  7726 | D:8      | Killed Grum
  7742 | D:8      | Killed Psyche
  7742 | D:8      | Reached ** piety under Okawaru
  7742 | D:8      | Reached skill level 5 in Invocations
  8101 | D:9      | Reached XP level 10. HP: 77/77 MP: 20/20
  8419 | D:9      | Found a staircase to the Orcish Mines.
  8536 | D:9      | Reached skill level 5 in Long Blades
  8536 | D:9      | Reached skill level 5 in Axes
  8536 | D:9      | Reached skill level 5 in Maces & Flails
  8536 | D:9      | Reached skill level 5 in Polearms
  8536 | D:9      | Reached skill level 5 in Staves
  8536 | D:9      | Reached skill level 5 in Slings
  8536 | D:9      | Reached skill level 5 in Bows
  8536 | D:9      | Reached skill level 5 in Crossbows
  8536 | D:9      | Reached skill level 5 in Armour
  8536 | D:9      | Reached skill level 5 in Dodging
  8536 | D:9      | Reached skill level 5 in Shields
  8536 | D:9      | Reached skill level 5 in Unarmed Combat
  8536 | D:9      | Reached skill level 5 in Evocations
  8852 | D:10     | Entered Level 10 of the Dungeon
  8991 | D:10     | Killed an unseen horror
  8991 | D:10     | Reached *** piety under Okawaru
  9274 | D:10     | Noticed Sonja
  9279 | D:10     | Killed Sonja
  9279 | D:10     | Reached skill level 5 in Transmutations
  9280 | D:10     | Found a staircase to the Lair.
  9450 | D:10     | Reached **** piety under Okawaru
  9629 | D:10     | Received a gift from Okawaru
  9630 | D:10     | Noticed Josephine
  9651 | D:10     | Killed Josephine
  9651 | D:10     | Reached XP level 11. HP: 65/84 MP: 6/22
  9712 | D:10     | Received a gift from Okawaru
  9732 | D:10     | Reached skill level 5 in Conjurations
  9732 | D:10     | Reached skill level 5 in Hexes
  9732 | D:10     | Reached skill level 5 in Summonings
  9732 | D:10     | Reached skill level 5 in Necromancy
  9732 | D:10     | Reached skill level 5 in Translocations
  9732 | D:10     | Reached skill level 5 in Fire Magic
  9732 | D:10     | Reached skill level 5 in Ice Magic
  9732 | D:10     | Reached skill level 5 in Air Magic
  9732 | D:10     | Reached skill level 5 in Earth Magic
  9732 | D:10     | Reached skill level 5 in Poison Magic
  9751 | D:10     | Reached ***** piety under Okawaru
  9933 | Lair:1   | Entered Level 1 of the Lair of Beasts
 10258 | Lair:1   | Noticed a four-headed hydra
 10267 | Lair:1   | Killed a four-headed hydra
 10591 | Lair:1   | Learned a level 4 spell: Summon Lightning Spire
 11103 | Lair:1   | Noticed a five-headed hydra
 11113 | Lair:1   | Killed a five-headed hydra
 11128 | Lair:1   | Received a gift from Okawaru
 11145 | Lair:1   | Got a smoking arbalest {god gift}
 11152 | Lair:1   | Identified the +0 arbalest "Metaemut" {vorpal, Str+5 Int+2
                  | Stlth-} (Okawaru gifted it to you on level 1 of the Lair of
                  | Beasts)
 11442 | Lair:1   | Found a runed translucent gate.
 11442 | Lair:1   | Found a runed translucent gate.
 11443 | Lair:1   | Found a runed translucent gate.
 11444 | Lair:1   | Noticed Thargor's ghost (journeyman MiFi)
 11446 | Lair:1   | Noticed an 11-headed hydra
 11448 | Lair:1   | Found the amulet of the Air {Inacc +Fly rElec EV+5 RMsl}
 12098 | Lair:2   | Noticed a seven-headed hydra
 12239 | Lair:2   | Reached XP level 12. HP: 94/94 MP: 24/24
 12278 | Lair:2   | Found a staircase to the Shoals.
 12306 | Lair:2   | Noticed a five-headed hydra
 12723 | Lair:2   | Killed a seven-headed hydra
 12897 | Lair:2   | Killed a five-headed hydra
 12897 | Lair:2   | Received a gift from Okawaru
 13636 | Lair:3   | Noticed a four-headed hydra
 13642 | Lair:3   | Killed a four-headed hydra
 14633 | Lair:4   | Found a staircase to the Snake Pit.
 14718 | Lair:4   | Got a transparent tin ring
 14720 | Lair:4   | Identified the ring "Vutzempa" {rF+ Str+4 Int+3 Dex+6
                  | Slay+2} (You found it on level 4 of the Lair of Beasts)
 14824 | Lair:4   | Noticed a five-headed hydra
 14890 | Lair:4   | Received a gift from Okawaru
 14922 | Lair:4   | Noticed Kirke
 15056 | Lair:4   | Killed Kirke
 15385 | Lair:4   | Killed a five-headed hydra
 15410 | Lair:4   | Reached XP level 13. HP: 77/101 MP: 26/26
 15960 | Lair:5   | Received a gift from Okawaru
 16804 | Lair:5   | Received a gift from Okawaru
 17093 | Lair:5   | Received a gift from Okawaru
 17479 | Lair:5   | Reached ****** piety under Okawaru
 17908 | Lair:5   | Got a scorched rapier
 17909 | Lair:5   | Identified the +4 rapier of Ghostly Subterfuge {venom,
                  | Int+6} (You found it on level 5 of the Lair of Beasts)
 17913 | Lair:5   | Identified Murerenou's Disquisition on Confrontation and
                  | the Traveller
 18007 | Lair:6   | Entered Level 6 of the Lair of Beasts
 18013 | Lair:6   | Received a gift from Okawaru
 18264 | Lair:6   | Noticed Nessos
 18268 | Lair:6   | Killed Nessos
 18268 | Lair:6   | Reached skill level 10 in Spellcasting
 18818 | Lair:6   | Reached XP level 14. HP: 106/109 MP: 28/28
 18853 | Lair:6   | Received a gift from Okawaru
 18933 | Lair:6   | Reached skill level 10 in Fighting
 18933 | Lair:6   | Reached skill level 10 in Short Blades
 18986 | Lair:6   | Identified the Incunabulum of the Bewitching Frostbite
 19628 | Lair:5   | Reached skill level 10 in Stealth
 19863 | Lair:6   | Found a staircase to the Slime Pits.
 19864 | Lair:6   | Found a viscous altar of Jiyva.
 20732 | Lair:6   | Received a gift from Okawaru
 21357 | Lair:4   | Reached skill level 10 in Invocations
 21713 | Orc:1    | Entered Level 1 of the Orcish Mines
 21713 | Orc:1    | Found Hiloawung's Magic Scroll Emporium.
 21713 | Orc:1    | Noticed an orc warlord
 21716 | Orc:1    | Received a gift from Okawaru
 21724 | Orc:1    | Killed an orc warlord
 21968 | Orc:1    | Found Diq Tug's Gadget Shop.
 21984 | Orc:1    | Noticed an orc warlord
 22006 | Orc:1    | Killed an orc warlord
 22006 | Orc:1    | Received a gift from Okawaru
 22135 | Orc:1    | Bought a tin of tremorstones (3/3) for 560 gold pieces
 22135 | Orc:1    | Bought a box of beasts (3/3) for 280 gold pieces
 22135 | Orc:1    | Bought a condenser vane (2/2) for 280 gold pieces
 22138 | Orc:1    | Found Baeno's Assorted Antiques.
 22251 | Orc:1    | Found Fabuqu Camuo's Weapon Boutique.
 22430 | Orc:2    | Entered Level 2 of the Orcish Mines
 22432 | Orc:2    | Found a staircase to the Elven Halls.
 22440 | Orc:2    | Noticed Snorg
 22456 | Orc:1    | Killed Snorg
 23055 | Orc:2    | Found Giera's Antique Weapon Shoppe.
 23056 | Orc:2    | Noticed Maurice
 23064 | Orc:2    | Killed Maurice
 23153 | Orc:2    | Found Ruxic's Weapon Shoppe.
 23174 | Orc:2    | Found Iwib's Gadget Boutique.
 23186 | Orc:2    | Noticed Erolcha
 23193 | Orc:2    | Killed Erolcha
 23274 | Orc:2    | Found Vuimp's General Store.
 23275 | Orc:2    | Noticed a stone giant
 23288 | Orc:2    | Killed a stone giant
 23288 | Orc:2    | Reached skill level 10 in Throwing
 23400 | Orc:2    | Reached XP level 15. HP: 116/117 MP: 29/29
 23420 | Orc:2    | Found Qefesigo's Antique Armour Shoppe.
 23436 | Orc:2    | Found Ezunat's Magic Scroll Boutique.
 23546 | Orc:2    | Found Zelif Poqoce's Book Shoppe.
 23607 | Orc:2    | Found Banwim's Antique Armour Emporium.
 24082 | Orc:2    | Bought a faintly glowing ring mail for 198 gold pieces
 24082 | Orc:2    | Bought a glowing helmet for 165 gold pieces
 24095 | Orc:2    | Identified the cursed +1 ring mail of Luikamoi {Str+4
                  | Dex+4} (You bought it in a shop on level 2 of the Orcish
                  | Mines)
 24137 | Orc:2    | Bought an encrusted leather armour for 161 gold pieces
 24147 | Orc:2    | Identified the +1 leather armour of Winter {Str+2 SInv}
                  | (You bought it in a shop on level 2 of the Orcish Mines)
 24239 | D:11     | You fall into a shaft and drop 1 floor!
 24373 | D:12     | Learned a level 6 spell: Freezing Cloud
 24381 | D:12     | Learned a level 6 spell: Invisibility
 24684 | D:12     | Identified the +4 mace of the Dead {drain, rN+ Str+2 Dex+6}
 25327 | D:11     | Received a gift from Okawaru
 25719 | D:11     | Reached skill level 10 in Long Blades
 25719 | D:11     | Reached skill level 10 in Axes
 25719 | D:11     | Reached skill level 10 in Maces & Flails
 25719 | D:11     | Reached skill level 10 in Polearms
 25719 | D:11     | Reached skill level 10 in Staves
 25719 | D:11     | Reached skill level 10 in Slings
 25719 | D:11     | Reached skill level 10 in Bows
 25719 | D:11     | Reached skill level 10 in Crossbows
 25719 | D:11     | Reached skill level 10 in Armour
 25719 | D:11     | Reached skill level 10 in Dodging
 25719 | D:11     | Reached skill level 10 in Shields
 25719 | D:11     | Reached skill level 10 in Unarmed Combat
 25719 | D:11     | Reached skill level 10 in Evocations
 25898 | D:11     | Found Guzerine's Assorted Antiques.
 25905 | D:11     | Bought a smoking scale mail for 252 gold pieces
 25917 | D:11     | Identified the +2 scale mail of Claustrophobia {Harm Str+4}
                  | (You bought it in a shop on level 11 of the Dungeon)
 26814 | D:13     | Paralysed by a great orb of eyes for 5 turns
 26822 | D:13     | Noticed a fire giant
 27208 | D:13     | Got a pair of transparent boots
 27214 | D:13     | Identified the +0 pair of boots "Veny" {rN+} (You found it
                  | on level 13 of the Dungeon)
 27775 | D:13     | Identified the ring "Fumi Lij" {Dex+4 SInv Stlth-} (You
                  | found it on level 13 of the Dungeon)
 27872 | D:13     | Identified the amulet "Voiwidgh" {Reflect Int+3 SH+5
                  | Stlth+}
 27885 | D:13     | Killed a fire giant
 28170 | D:13     | Received a gift from Okawaru
 28470 | D:13     | Reached XP level 16. HP: 102/125 MP: 31/31
 28556 | D:13     | Found a gate to the Vaults.
 29434 | D:13     | Identified the +5 morningstar "Oxtaobb" {flame, +Fly rF-
                  | Int+3} (You found it on level 13 of the Dungeon)
 30018 | D:14     | Found a shadowy altar of Dithmenos.
 31421 | D:15     | Entered Level 15 of the Dungeon
 31450 | D:15     | Found a frozen archway.
 31460 | IceCv    | Entered an ice cave
 31466 | IceCv    | Found a transporter.
 31530 | IceCv    | Found a transporter.
 31584 | IceCv    | Identified Yjisch's Papyrus of Shifting Attacks
 31796 | D:15     | Found Zuecs's Blasphemy Boutique.
 31796 | D:15     | Found an ancient bone altar of Kikubaaqudgha.
 31829 | D:15     | Bought the +6 arbalest "Damnation" {damnation} for 1360
                  | gold pieces
 31829 | D:15     | Found the +6 arbalest "Damnation" {damnation}
 31852 | D:15     | Received a gift from Okawaru
 32131 | D:15     | Found a staircase to the Depths.
 32376 | D:15     | Received a gift from Okawaru
 32406 | D:15     | Found a portal to a secret trove of treasure.
 32408 | D:15     | Found a sacrificial altar of Ru.
 33232 | Shoals:1 | Entered Level 1 of the Shoals
 33240 | Shoals:1 | Learned a level 6 spell: Statue Form
 33245 | Shoals:1 | Learned a level 4 spell: Cause Fear
 33349 | Shoals:1 | Received a gift from Okawaru
 33606 | Shoals:1 | Received a gift from Okawaru
 34262 | Shoals:1 | Noticed a kraken
 34269 | Shoals:1 | Killed a kraken
 34544 | Shoals:2 | Reached XP level 17. HP: 98/133 MP: 33/33
 34887 | Shoals:2 | Found Bominnan's Assorted Antiques.
 34896 | Shoals:2 | Bought a papyrus book for 375 gold pieces
 34896 | Shoals:2 | Bought a potion of heal wounds for 125 gold pieces
 35405 | Shoals:3 | Noticed a kraken
 35405 | Shoals:3 | Noticed a kraken
 35405 | Shoals:3 | Noticed a kraken
 35405 | Shoals:3 | Noticed a kraken
 35563 | Shoals:3 | Received a gift from Okawaru
 35609 | Shoals:3 | Got a masterwork helmet {god gift}
 35615 | Shoals:3 | Identified the +3 helmet of Death's Door {Rampage rC+ Str-3
                  | Dex+6} (Okawaru gifted it to you on level 3 of the Shoals)
 35927 | Shoals:3 | Killed a kraken
 35927 | Shoals:3 | Reached skill level 10 in Transmutations
 35931 | Shoals:3 | Killed a kraken
 36044 | Shoals:3 | Killed a kraken
 36047 | Shoals:3 | Killed a kraken
 36598 | Shoals:4 | Entered Level 4 of the Shoals
 36740 | Shoals:4 | Reached skill level 10 in Conjurations
 36740 | Shoals:4 | Reached skill level 10 in Hexes
 36740 | Shoals:4 | Reached skill level 10 in Summonings
 36740 | Shoals:4 | Reached skill level 10 in Necromancy
 36740 | Shoals:4 | Reached skill level 10 in Translocations
 36740 | Shoals:4 | Reached skill level 10 in Fire Magic
 36740 | Shoals:4 | Reached skill level 10 in Ice Magic
 36740 | Shoals:4 | Reached skill level 10 in Air Magic
 36740 | Shoals:4 | Reached skill level 10 in Earth Magic
 36740 | Shoals:4 | Reached skill level 10 in Poison Magic
 36744 | Shoals:4 | Hit by a silver javelin thrown by a merfolk javelineer

Illustrated notes

Levels and vault maps discovered:
D:1:      co_arrival_random_square_maze, layout_loops_ring,
          hangedman_feature_mirror
D:2:      layout_basic, kennysheep_slug_shrine, grunt_decor_fettered
D:3:      layout_loops_ring, marbit_many_paths, minmay_misc_feat_pillars,
          chequers_decorated_corner
D:4:      layout_loops_ring, kennysheep_mini, serial_shops, shop,
          enter_ossuary_1
D:5:      layout_loops_ring, minitemple, serial_shops, nicolae_shop_trees,
          kennysheep_small_circle, uniq_ijyb
D:6:      layout_basic, nicolae_overflow_hidden_temple,
          minmay_temple_entry_wispy, st_stairs_6, uniq_blork_the_orc,
          uniq_menkaure
D:7:      layout_rooms
D:8:      layout_gridville, grunt_ministairs_14, uniq_grum, uniq_psyche
D:9:      layout_irregular_city, orc_0_dummy
D:10:     layout_basic, david_lair_shrubbed, uniq_sonja, uniq_josephine
D:11:     layout_irregular_city, serial_shops, nicolae_shop_window_shopping
D:12:     layout_basic
D:13:     minmay_the_grid_square_5x5_5x5
          [minmay_the_grid_square_5x5_almost_minimal,
          minmay_the_grid_square_5x5_longway, minmay_the_grid_square_5x5_v,
          minmay_the_grid_square_5x5_inner_z,
          minmay_the_grid_square_5x5_minibox,
          minmay_the_grid_square_5x5_moneybag,
          minmay_the_grid_square_5x5_prize_rear_guard,
          minmay_the_grid_square_5x5_minimal,
          minmay_the_grid_square_5x5_prize_pseudospiral,
          minmay_the_grid_square_5x5_half_checkered,
          minmay_the_grid_square_5x5_fat_x,
          minmay_the_grid_square_5x5_fancy_junction,
          minmay_the_grid_square_5x5_prize_itemx, minmay_the_grid_square_5x5_n,
          minmay_the_grid_square_5x5_inset, minmay_the_grid_square_5x5_six,
          minmay_the_grid_square_5x5_prize_gold,
          minmay_the_grid_square_5x5_six_small,
          minmay_the_grid_square_5x5_prize_deathbox,
          minmay_the_grid_square_5x5_shrine2,
          minmay_the_grid_square_5x5_detours, minmay_the_grid_square_5x5_meh,
          minmay_the_grid_square_5x5_pentomino_r,
          minmay_the_grid_square_5x5_corner, minmay_the_grid_square_5x5_c],
          layout_irregular_city, grunt_vaults_entry_fortified,
          serial_bayou_crossing
D:14:     layout_layer_cave, hangedman_abyss_or_decor_clamps,
          grunt_dithmenos_shadows
D:15:     hangedman_depths_entry_civil_slaughter, layout_long_grid,
          nicolae_trove_entry_crossroad, portal_ice_cave_rime,
          nicolae_ru_awakened_eye, nicolae_evil_shop
Temple:   eino_temple_scatter_basement
Lair:1:   layout_cave_pods, gammafunk_ghost_hydra_chop,
          grunt_forest_small_clearings, worms_lemuel
Lair:2:   lemuel_ratsnest, layout_hall_layers, elwin_shoals_entry_rocks
Lair:3:   layout_regular_city, serial_bayou_shore_b, lemuel_fruit_fields,
          grunt_megastairs_5
Lair:4:   layout_roguey, guppyfry_snake_entry_island, cheibrodos_lair_lostbears,
          infiniplex_staircase_pool, uniq_kirke
Lair:5:   layout_small_grid, minmay_lindwurm_lava
Lair:6:   gammafunk_lair_ancient_temple, layout_misc_corridors, slime_altar_1,
          kennysheep_rathole, minmay_lair_oklob_chamber, uniq_nessos
Shoals:1: layout_shoals
Shoals:2: layout_shoals, serial_shops,
          nicolae_shop_temple_entry_statues_fountains
Shoals:3: layout_shoals, nicolae_shoals_kraken_party
Shoals:4: shoals_end_grunt_ice, layout_shoals
Orc:1:    layout_caves, serial_shops, shop, shop, shop, shop_statue
Orc:2:    grunt_orc_gardens, layout_caves, grunt_orc_garden, grunt_orc_garden,
          grunt_orc_garden, grunt_orc_garden, serial_shops, shop,
          shop_fountains, shop_fountains, shop, uniq_erolcha, uniq_snorg,
          uniq_maurice

Skill      XL: |  1  2  3  4  5  6  7  8  9 10 11 12 13 14 15 16 17 |
---------------+----------------------------------------------------+-----
Transmutations | 2 3 4 5 6 7 8 9 10 | 10.2
Spellcasting   | 5 6 7 8 9 10 11 12 | 12.5
Long Blades    | 1 2 3 4 5 6 7 8 9 10 11 | 11.6
Axes           | 1 2 3 4 5 6 7 8 9 10 11 | 11.6
Maces & Flails | 1 2 3 4 5 6 7 8 9 10 11 | 11.6
Polearms       | 1 2 3 4 5 6 7 8 9 10 11 | 11.6
Staves         | 1 2 3 4 5 6 7 8 9 10 11 | 11.6
Slings         | 1 2 3 4 5 6 7 8 9 10 11 | 11.6
Bows           | 1 2 3 4 5 6 7 8 9 10 11 | 11.6
Crossbows      | 1 2 3 4 5 6 7 8 9 10 11 | 11.6
Armour         | 1 2 3 4 5 6 7 8 9 10 11 | 11.6
Dodging        | 1 2 3 4 5 6 7 8 9 10 11 | 11.6
Shields        | 1 2 3 4 5 6 7 8 9 10 11 | 11.6
Unarmed Combat | 1 2 3 4 5 6 7 8 9 10 11 | 11.6
Invocations    | 1 2 3 4 5 6 7 8 9 10 11 12 | 12.6
Evocations     | 1 2 3 4 5 6 7 8 9 10 11 | 11.6
Conjurations   | 1 2 3 4 5 6 7 8 9 10 | 10.0
Hexes          | 1 2 3 4 5 6 7 8 9 10 | 10.0
Summonings     | 1 2 3 4 5 6 7 8 9 10 | 10.0
Necromancy     | 1 2 3 4 5 6 7 8 9 10 | 10.0
Translocations | 1 2 3 4 5 6 7 8 9 10 | 10.0
Fire Magic     | 1 2 3 4 5 6 7 8 9 10 | 10.0
Ice Magic      | 1 2 3 4 5 6 7 8 9 10 | 10.0
Air Magic      | 1 2 3 4 5 6 7 8 9 10 | 10.0
Earth Magic    | 1 2 3 4 5 6 7 8 9 10 | 10.0
Poison Magic   | 1 2 3 4 5 6 7 8 9 10 | 10.0
Throwing       | 3 4 5 6 7 8 9 10 11 | 11.9
Fighting       | 5 6 7 8 9 10 11 12 | 12.4
Short Blades   | 5 6 7 8 9 10 11 12 | 12.4
Stealth        | 5 6 7 8 9 10 11 12 | 12.3

Action                   |  1- 3 |  4- 6 |  7- 9 | 10-12 | 13-15 | 16-18 || total
-------------------------+-------+-------+-------+-------+-------+-------++-------
Melee: Dagger            |    64 |   289 |   317 |   276 |    62 |       ||  1008
       Short sword       |     5 |       |       |   216 |    32 |       ||   253
       Bite              |     6 |    34 |    30 |    77 |    91 |    62 ||   300
       Punch             |       |     2 |     1 |    13 |    54 |    40 ||   110
       Rapier            |       |       |       |       |   486 |   380 ||   866
       Staff             |       |       |       |       |     2 |       ||     2
 Fire: Arbalest          |       |       |       |    25 |   229 |   187 ||   441
Throw: Dart              |     2 |       |     2 |       |       |       ||     4
       Javelin           |       |       |       |     7 |       |     1 ||     8
       Throwing net      |       |       |       |     1 |       |     1 ||     2
 Cast: Poisonous Vapours |       |       |       |    18 |    16 |     3 ||    37
       Ignite Poison     |       |       |       |    12 |    47 |    14 ||    73
       Olgreb's Toxic Ra |       |       |       |    11 |    41 |    14 ||    66
       Invisibility      |       |       |       |       |     2 |     4 ||     6
       Freezing Cloud    |       |       |       |       |     1 |     5 ||     6
       Statue Form       |       |       |       |       |       |     5 ||     5
       Summon Lightning  |       |       |       |       |       |     1 ||     1
Invok: Heroism           |       |       |       |     2 |       |       ||     2
Evoke: Wand              |       |       |     5 |    11 |    14 |     7 ||    37
       Condenser vane    |       |       |       |       |     1 |     2 ||     3
       Phantom mirror    |       |       |       |       |     1 |       ||     1
       Tin of tremorston |       |       |       |       |       |     2 ||     2
  Use: Scroll            |       |       |    10 |    14 |    12 |     6 ||    42
       Potion            |       |       |       |     3 |     3 |     5 ||    11
 Stab: Sleeping          |     4 |    10 |     7 |     9 |    24 |    22 ||    76
       Paralysed         |       |       |     4 |     4 |     2 |       ||    10
       Distracted        |       |       |       |     2 |     2 |     1 ||     5
       Invisible         |       |       |       |       |     5 |     8 ||    13
       Held in net/web   |       |       |       |       |       |     1 ||     1
Armor: Ring mail         |    14 |    86 |    93 |    99 |    72 |       ||   364
       Robe              |     5 |       |       |       |       |       ||     5
       Leather armour    |       |       |       |       |    47 |    61 ||   108
       Skin              |       |       |       |       |       |    54 ||    54
Dodge: Dodged            |    29 |    98 |   145 |   260 |   502 |   354 ||  1388
Block: Buckler           |       |       |    26 |   111 |       |       ||   137
       Other             |       |       |       |    46 |   116 |    76 ||   238
       Reflection        |       |       |       |       |    11 |    13 ||    24

Table legend: (Time is in decaauts)
 A = Elapsed time spent in this place.
 B = Non-inter-level travel time spent in this place.
 C = Inter-level travel time spent in this place.
 D = Time resting spent in this place.
 E = Time spent auto-exploring this place.
 F = Levels seen in this place.
 G = Mean time per level.
                   A        B        C        D        E       F      G
               +--------+--------+--------+--------+--------+-----+--------+
         Total |  36698 |  35020 |   1678 |   3142 |  26133 |  30 | 1223.3 |
       Dungeon |  17572 |  16631 |    941 |    756 |  13075 |  15 | 1171.5 |
        Temple |    196 |    149 |     47 |      0 |    148 |   1 |  196.0 |
          Lair |  11653 |  11176 |    477 |   1863 |   7758 |   6 | 1942.2 |
        Shoals |   3817 |   3721 |     96 |     50 |   3022 |   4 |  954.2 |
  Orcish Mines |   2458 |   2342 |    116 |    270 |   1683 |   2 | 1229.0 |
       Ossuary |    726 |    726 |      0 |     69 |    446 |   1 |  726.0 |
      Ice Cave |    273 |    273 |      0 |    134 |      0 |   1 |  273.0 |
               +--------+--------+--------+--------+--------+-----+--------+

Top non-repeatable levels by time:
    D:13: 3431 daAuts
  Lair:5: 2769 daAuts
  Lair:6: 2640 daAuts
  Lair:4: 1858 daAuts
  Lair:1: 1848 daAuts
    D:14: 1694 daAuts
  Lair:2: 1670 daAuts
Shoals:1: 1414 daAuts
    D:15: 1350 daAuts
    D:12: 1338 daAuts
   Orc:1: 1288 daAuts
Shoals:3: 1237 daAuts
     D:1: 1220 daAuts
    D:10: 1214 daAuts
   Orc:2: 1169 daAuts
